 Dungeon Crawl Stone Soup version 0.32-a0-859-gb0a091d592 (webtiles) character file.

Game seed: 6081061505466780627

192 ragingrage the Slasher (level 5, -2/38 HPs)
             Began as a Human Warper on Mar 28, 2024.
             Was an Initiate of Gozag.
             Slain by a bombardier beetle (4 damage)
             ... on level 4 of the Dungeon.
             The game lasted 00:02:48 (2635 turns).

ragingrage the Slasher (Human Warper)               Turns: 2635, Time: 00:02:49

Health: -2/38      AC:  3    Str: 14    XL:     5   Next: 71%
Magic:  0/0        EV: 11    Int: 17    God:    Gozag
Gold:   174        SH:  0    Dex: 14    Spells: 8/8 levels left

rFire   . . .        o - +9 whip "Quilin Gulla" {flame, rC+ MP-9 Str+3 Int+3}
rCold   + . .        (no shield)
rNeg    . . .        b - +0 leather armour
rPois   .            (no helmet)
rElec   .            l - scarf {shadows}
rCorr   .            (no gloves)
SInv    .            (no boots)
Will    .....        (no amulet)
Stlth   +            (no ring)
HPRegen 0.26/turn    (no ring)
MPRegen 0.07/turn

%: no passive effects
@: on fire, glowing
A: explore regen
a: Renounce Religion, Potion Petition, Call Merchant, Bribe Branch


You were on level 4 of the Dungeon.
You worshipped Gozag.
Gozag was aware of your devotion.
You visited 1 branch of the dungeon, and saw 4 of its levels.

You collected 205 gold pieces.
You paid 31 gold pieces to Gozag.

Inventory:

Hand Weapons
 a - a +0 falchion
 i - a +1 short sword of speed
 o - the +9 whip "Quilin Gulla" (weapon) {flame, rC+ MP-9 Str+3 Int+3}
   (You found it on level 2 of the Dungeon)

   Str+3:     It affects your strength (+3).
   Int+3:     It affects your intelligence (+3).
   rC+:       It protects you from cold.
   MP-9:      It affects your magic capacity (-9).
 v - a +2 sling of freezing
Missiles
 d - 7 darts of dispersal (quivered)
Armour
 b - a +0 leather armour (worn)
 l - a scarf of shadows (worn)
 s - a +0 pair of gloves
 t - a +0 helmet
Talismans
 m - a maw talisman
Scrolls
 c - 3 scrolls of blinking
 e - 2 scrolls of fear {unknown}
 h - 6 scrolls of identify {unknown}
 j - a scroll of torment {unknown}
 n - 2 scrolls of teleportation {unknown}
 p - a scroll of amnesia {unknown}
 q - 2 scrolls of enchant weapon {unknown}
 r - a scroll of poison {unknown}
Potions
 f - 2 potions of enlightenment {unknown}
 g - a potion of attraction {unknown}
 k - a potion of degeneration {unknown}
 u - a potion of mutation {unknown}
 w - a potion of haste {unknown}
 x - a potion of curing {unknown}


   Skills:
 - Level 2.0 Fighting
 - Level 1.6(2.7) Short Blades
 - Level 3.4(3.6) Long Blades
 + Level 3.3 Maces & Flails
 - Level 1.0 Throwing
 - Level 1.0 Armour
 - Level 2.0 Dodging
 - Level 2.0 Stealth
 - Level 2.0 Spellcasting
 - Level 3.0 Translocations


You had 8 spell levels left.
You didn't know any spells.
Your spell library contained the following spells:

 Spells                   Type           Power      Damage    Failure   Level
 Blink                    Tloc           22%        N/A       11%         2
 Lesser Beckoning         Tloc           22%        N/A       11%         2
 Teleport Other           Tloc           11%        N/A       21%         3
 Vhi's Electric Charge    Tloc/Air       12%        N/A       77%         4
 Maxwell's Portable Pile  Tloc           Unusable   2d(7-13)  N/A         4

Dungeon Overview and Level Annotations

Branches:
Dungeon (4/15)
 Temple: D:4-7

Altars:
Gozag
Hepliaklqana
Nemelex Xobeh
Zin

Annotations:
D:4 Grinder


Innate Abilities, Weirdness & Mutations

You regain HP and MP as you explore.


Message History

You shake off some of the fire as you move.
The liquid fire burns you!
You shake off some of the fire as you move.
The liquid fire burns you!
The bombardier beetle sprays incendiary fluid at you.
The burning spray hits you.
You are even more covered in liquid fire!
You barely miss the bombardier beetle. The liquid fire burns you!
You hit the bombardier beetle. You burn the bombardier beetle.
The liquid fire burns you!
The bombardier beetle bites you but does no damage.
You shake off some of the fire as you move.
The liquid fire burns you!
The bombardier beetle bites you but does no damage.
You shake off some of the fire as you move.
The liquid fire burns you!
* * * LOW HITPOINT WARNING * * *
You shake off the liquid fire.
The bombardier beetle bites you but does no damage.
You barely miss the bombardier beetle. You hit the bombardier beetle.
You burn the bombardier beetle.
The bombardier beetle sprays incendiary fluid at you.
The burning spray hits you.
You are covered in liquid fire!
You shake off some of the fire as you move.
The liquid fire burns you!
* * * LOW HITPOINT WARNING * * *
You shake off some of the fire as you move.
The liquid fire burns you!
* * * LOW HITPOINT WARNING * * *
The bombardier beetle sprays incendiary fluid at you.
The burning spray hits you.
You are even more covered in liquid fire!
You shake off some of the fire as you move.
The liquid fire burns you!
* * * LOW HITPOINT WARNING * * *
The bombardier beetle bites you.
You die...
Your body crumbles into a pile of gold.

..... ## .....
....#....
....#...####
........##.###
#...#...#....###
....#......#...###
...###.....#.....###
....####........@..#
.....###..##.#...B##
.##........#...####
.#..............
...............##
..........#...##
......#####...#
.......# #...#
.......# ##


You could see a bombardier beetle.

Vanquished Creatures
  A phantom (D:3)
  Robin (D:3)
  3 adders
  3 ribbon worms
  A dart slug (D:1)
  An orc (D:3)
  6 bats
  5 endoplasms
  4 giant cockroaches
  12 goblins
  3 hobgoblins
  7 jackals
  5 kobolds (D:1)
  2 quokkas
  5 ball pythons
  5 frilled lizards
  7 rats
71 creatures vanquished.

Notes
Turn   | Place    | Note
-------+----------+-------------------------------------------
     0 | D:1      | ragingrage the Human Warper began the quest for the Orb.
     0 | D:1      | Reached XP level 1. HP: 16/16 MP: 3/3
    40 | D:1      | Reached XP level 2. HP: 10/22 MP: 5/5
   279 | D:1      | Reached skill level 1 in Stealth
   401 | D:1      | Reached XP level 3. HP: 25/27 MP: 6/6
  1099 | D:2      | Reached XP level 4. HP: 27/33 MP: 7/7
  1192 | D:2      | Reached skill level 1 in Short Blades
  1523 | D:2      | Identified the +9 whip "Quilin Gulla" {flame, rC+ MP-9
                  | Str+3 Int+3}
  1873 | D:3      | Reached skill level 1 in Maces & Flails
  2007 | D:3      | Found a glowing silver altar of Zin.
  2007 | D:3      | Found an opulent altar of Gozag.
  2063 | D:3      | Noticed Robin
  2067 | D:3      | Killed Robin
  2076 | D:3      | Reached XP level 5. HP: 20/38 MP: 0/8
  2101 | D:3      | Became a worshipper of Gozag Ym Sagoz the Greedy
  2420 | D:4      | Noticed Grinder
  2426 | D:4      | Found a hazy altar of Hepliaklqana.
  2479 | D:4      | Found a sparkling altar of Nemelex Xobeh.
  2492 | D:4      | Noticed a phantom
  2513 | D:3      | Killed a phantom
  2635 | D:4      | Slain by a bombardier beetle

Illustrated notes

Levels and vault maps discovered:
D:1:      onia_arrival_pentagram, layout_loops_ring, chequers_jeans,
          serial_bayou_lagoon_b
D:2:      layout_basic
D:3:      layout_basic, grunt_temple_overflow_gold_and_silver, uniq_robin
D:4:      layout_cave_pools, worldfamousw_hep_ancestral_shrine,
          mainiacjoe_overflow_boulevard, nicolae_overflow_crystal_walls,
          old_standard_altar, ebering_ghost_inner_flame, uniq_grinder

Skill      XL: |  1  2  3  4  5 |
---------------+----------------+-----
Long Blades    | 3 |  3.4
Stealth        | 1 2 |  2.0
Short Blades   | 1 |  1.6
Maces & Flails | 1 3 |  3.3
Fighting       | |  2.0
Throwing       | |  1.0
Armour         | |  1.0
Dodging        | |  2.0
Spellcasting   | |  2.0
Translocations | |  3.0

Action                     |  1- 3 |  4- 6 || total
---------------------------+-------+-------++-------
  Melee: Falchion          |   128 |       ||   128
         Short sword       |    33 |    21 ||    54
         Whip              |       |    57 ||    57
   Stab: Sleeping          |     1 |     6 ||     7
 Armour: Leather armour    |   108 |    37 ||   145
  Dodge: Dodged            |   115 |    36 ||   151

Table legend: (Time is in decaauts)
 A = Elapsed time spent in this place.
 B = Non-inter-level travel time spent in this place.
 C = Inter-level travel time spent in this place.
 D = Time resting spent in this place.
 E = Time spent auto-exploring this place.
 F = Levels seen in this place.
 G = Mean time per level.
                   A        B        C        D        E       F      G
               +--------+--------+--------+--------+--------+-----+--------+
         Total |   2674 |   2456 |    218 |    263 |   1577 |   4 |  668.5 |
       Dungeon |   2674 |   2456 |    218 |    263 |   1577 |   4 |  668.5 |
               +--------+--------+--------+--------+--------+-----+--------+

Top non-repeatable levels by time:
     D:1: 1101 daAuts
     D:2: 758 daAuts
     D:3: 655 daAuts
     D:4: 159 daAuts
